 Dungeon Crawl Stone Soup version 0.25.0-46-gbd7b0854d2 (webtiles) character file.

Game seed: 16764598544765033933

309 Atelerd the Conjurer (level 6, -1/36 HPs)
             Began as an Octopode Wizard on July 15, 2020.
             Slain by an adder (2 damage)
             ... on level 5 of the Dungeon.
             The game lasted 00:13:26 (6070 turns).

Atelerd the Conjurer (Octopode Wizard)              Turns: 6070, Time: 00:13:27

Health: -1/36      AC:  1    Str:  7    XL:     6   Next: 41%
Magic:  2/11       EV: 13    Int: 22    God:
Gold:   227        SH:  0    Dex: 10    Spells: 3/12 levels left

rFire    + . .     SeeInvis +   c - +2 quarterstaff (chaos)
rCold    + . .     Gourm    .   (shield currently unavailable)
rNeg     . . .     Faith    .   a - +0 hat
rPois    +         Spirit   .   (no amulet)
rElec    +         Reflect  .   l - ring of see invisible
rCorr    +         Harm     .   (no ring)
MR       .....                  (no ring)
Stlth    +++.......             (no ring)
HPRegen  0.12/turn              (no ring)
MPRegen  0.12/turn              (no ring)
                                (no ring)
                                (no ring)

@: mighty, lethally poisoned (-1 -> -4), resistant, berserk cooldown, stab,
slowed, very slow
A: almost no armour, stealthy swim, amphibious, 8 rings, constrict 8, camouflage
1, gelatinous body 1
a: no special abilities


You were on level 5 of the Dungeon.
You were hungry.

You visited 1 branch of the dungeon, and saw 5 of its levels.

You collected 227 gold pieces.

Inventory:

Hand Weapons
 c - a +2 quarterstaff of chaos (weapon)
 g - a +0 short sword
Armour
 a - a +0 hat (worn)
Jewellery
 l - a ring of see invisible (left tentacle)
Scrolls
 f - a scroll of fog {unknown}
 i - 4 scrolls of remove curse
 j - 2 scrolls of blinking
 m - 2 scrolls of teleportation
 o - a scroll of immolation
Comestibles
 h - 2 rations
 k - 3 chunks of flesh


   Skills:
 - Level 2.0 Dodging
 - Level 2.6 Stealth
 + Level 3.9 Spellcasting
 * Level 4.1 Conjurations
   Level 1.0 Summonings
 + Level 1.9 Translocations
 * Level 3.6 Poison Magic


You had 3 spell levels left.
You knew the following spells:

 Your Spells              Type           Power        Failure   Level  Hunger
a - Magic Dart            Conj           ###.         1%          1    None
b - Mephitic Cloud        Conj/Pois/Air  ###.....     12%         3    ###....
c - Blink                 Tloc           N/A          8%          2    #......
d - Conjure Flame         Conj/Fire      ##......     14%         3    ###....

Your spell library contained the following spells:

 Spells                   Type           Power        Failure   Level  Hunger
 Call Imp                 Summ           #.......     11%         2    #......
 Slow                     Hex            #.......     17%         2    #......


Dungeon Overview and Level Annotations

Branches:
Dungeon (5/15)
 Temple: D:4-7

Altars:
Trog


Innate Abilities, Weirdness & Mutations

You cannot wear most types of armour.
You are very stealthy in the water. (Stealth+)
You are amphibious.
You can wear up to eight rings at the same time.
You can use your tentacles to constrict eight enemies at once.
Your skin changes colour to match your surroundings (Stealth+).
Your rubbery body absorbs attacks. (AC +1, EV +1)


Message History

Unknown command.
You are too injured to fight recklessly!
Unknown command.
You feel protected.
You feel less confused.
You feel sick. The adder misses you.
A crimson imp comes into view.
The adder bites you.
* * * LOW HITPOINT WARNING * * *
The crimson imp barely misses you.
The ogre says, "I'm a little confused."
It was a potion of stabbing.
You feel ready to backstab.
* * * LOW HITPOINT WARNING * * *
You feel sick. The adder barely misses you. The crimson imp hits you.
* * * LOW HITPOINT WARNING * * *
The adder closely misses you.
It was a potion of might.
You feel very mighty all of a sudden. The adder bites you.
You die...

###.....#........##..
#......#.....###..# .
###.#.........#..# .....
#.............#..##.....
##.........<...........
##..........#.....#...
#...>........#......##
##..#..#.....5##.....#
#########....@S#..
##...O.#.. #....##
###... #..## ####


You could see an ogre (confused, drained), a crimson imp and an adder.

Vanquished Creatures
  Crazy Yiuf (D:3)
  2 orc wizards (D:3)
  2 worker ants
  3 adders (D:2)
  4 gnolls (D:2)
  A shadow imp (D:5)
  2 oozes (D:2)
  An adder zombie (D:3)
  An adder skeleton (D:3)
  A worm (D:2)
  3 leopard geckos
  15 orcs
  7 bats
  4 giant cockroaches
  8 hobgoblins
  4 jackals (D:1)
  A quokka (D:3)
  A ball python (D:2)
  4 frilled lizards
  7 goblins
  5 kobolds
  A quokka skeleton (D:4)
  5 rats
83 creatures vanquished.

Notes
Turn   | Place    | Note
-------+----------+-------------------------------------------
     0 | D:1      | Atelerd the Octopode Wizard began the quest for the Orb.
     0 | D:1      | Reached XP level 1. HP: 11/11 MP: 4/4
   378 | D:1      | Reached XP level 2. HP: 17/17 MP: 6/6
   831 | D:1      | Reached skill level 2 in Conjurations
  1422 | D:1      | Reached XP level 3. HP: 19/21 MP: 5/7
  1430 | D:1      | Learned a level 3 spell: Mephitic Cloud
  1433 | D:1      | Learned a level 2 spell: Blink
  1828 | D:2      | Reached skill level 1 in Poison Magic
  2036 | D:2      | Reached XP level 4. HP: 21/27 MP: 3/9
  2128 | D:2      | Reached skill level 3 in Conjurations
  2863 | D:2      | Learned a level 3 spell: Conjure Flame
  3476 | D:2      | Reached XP level 5. HP: 21/31 MP: 6/10
  4198 | D:3      | HP: 1/31 [worker ant (7)]
  4376 | D:3      | HP: 2/46 [poisoned by a worker ant]
  4549 | D:3      | Found a bloodstained altar of Trog.
  4863 | D:3      | Reached XP level 6. HP: 28/36 MP: 7/11
  5214 | D:3      | Noticed an ice beast
  5374 | D:3      | Found a runed translucent door.
  5375 | D:3      | Noticed Crazy Yiuf
  5397 | D:3      | Killed Crazy Yiuf
  5499 | D:3      | Reached skill level 4 in Conjurations
  5917 | D:5      | Entered Level 5 of the Dungeon
  6069 | D:5      | HP: 1/36 [crimson imp (3)]
  6070 | D:5      | Slain by an adder

Illustrated notes

Levels and vault maps discovered:
D:1:      ncdulo_wetmaze, layout_basic
D:2:      layout_basic
D:3:      layout_rooms, lightli_temple_of_fire, hex_intersection,
          uniq_crazy_yiuf_cottage
D:4:      layout_basic, lemuel_doored_altar, grunt_temple_overflow_open,
          kennysheep_little_box, first_ration, uniq_ijyb
D:5:      layout_cave_pools, lemuel_round_altar

Skill      XL: |  1  2  3  4  5  6 |
---------------+-------------------+-----
Conjurations   | 2 3 4 |  4.1
Poison Magic   | 1 2 3 |  3.6
Dodging        | |  2.0
Stealth        | |  2.6
Spellcasting   | |  3.9
Summonings     | |  1.0
Translocations | |  1.9

Action                   |  1- 3 |  4- 6 || total
-------------------------+-------+-------++-------
Melee: Unarmed           |    23 |       ||    23
       Constrict         |    11 |    31 ||    42
       Tentacles         |     3 |    16 ||    19
       Short sword       |    23 |   102 ||   125
       Quarterstaff      |       |    20 ||    20
 Cast: Magic Dart        |    60 |    73 ||   133
       Mephitic Cloud    |       |    13 ||    13
       Conjure Flame     |       |     1 ||     1
       Blink             |       |     1 ||     1
  Use: Scroll            |       |     8 ||     8
       Potion            |       |     8 ||     8
 Stab: Distracted        |     1 |       ||     1
       Sleeping          |     5 |     9 ||    14
       Confused          |       |     2 ||     2
  Eat: Chunk             |     3 |    10 ||    13
       Ration            |       |     1 ||     1
Armor: Skin              |     4 |    42 ||    46
Dodge: Dodged            |    36 |   109 ||   145
